 Dungeon Crawl Stone Soup version 0.30.1-1-g62c8e00024 (webtiles) character file.

Game seed: 4667427031125022897

123 safid the Chiller (level 5, -3/39 HPs)
             Began as a Merfolk Ice Elementalist on July 14, 2023.
             Slain by Pargi (6 damage)
             ... on level 4 of the Dungeon.
             The game lasted 00:03:47 (2835 turns).

safid the Chiller (Merfolk Ice Elementalist)        Turns: 2835, Time: 00:03:47

Health: -3/39      AC:  8    Str:  8    XL:     5   Next: 7%
Magic:  5/9        EV: 12    Int: 17    God:
Gold:   203        SH:  0    Dex: 14    Spells: 3/10 levels left

rFire   . . .        n - +1 dagger (elec)
rCold   . . .        (no shield)
rNeg    . . .        a - +0 robe
rPois   +            (no helmet)
rElec   .            (no cloak)
rCorr   .            (no gloves)
SInv    .            (no boots)
Will    .....        (no amulet)
Stlth   ++           g - ring of poison resistance
HPRegen 0.26/turn    (no ring)
MPRegen 0.11/turn

%: no passive effects
@: ice-armoured, freezing walls
A: (nimble swimmer 2), mertail
a: no special abilities


You were on level 4 of the Dungeon.
You visited 1 branch of the dungeon, and saw 4 of its levels.

You collected 203 gold pieces.

Inventory:

Hand Weapons
 n - a +1 dagger of electrocution (weapon)
Armour
 a - a +0 robe (worn)
Jewellery
 g - a ring of poison resistance (left hand)
Scrolls
 c - a scroll of silence {unknown}
 d - 7 scrolls of identify {unknown}
 f - a scroll of acquirement {unknown}
 h - 3 scrolls of amnesia {unknown}
 i - 2 scrolls of teleportation {unknown}
 j - 4 scrolls of poison {unknown}
 k - a scroll of fear {unknown}
 l - a scroll of enchant weapon {unknown}
 m - a scroll of blinking {unknown}
 p - a scroll of enchant armour {unknown}
 q - a scroll of noise {unknown}
Potions
 e - a potion of curing {unknown}
 o - a potion of lignification {unknown}


   Skills:
 + Level 2.7 Fighting
 - Level 2.6 Dodging
 - Level 2.1 Stealth
 + Level 3.1 Spellcasting
 + Level 5.3 Ice Magic


You had 3 spell levels left.
You knew the following spells:

 Your Spells              Type           Power      Damage    Failure   Level
a - Freeze                Ice            80%        1d9       1%          1
b - Frozen Ramparts       Ice            40%        1d7       6%          3
c - Ozocubu's Armour      Ice            20%        N/A       6%          3

Your spell library contained the following spells:

 Spells                   Type           Power      Damage    Failure   Level
 Beastly Appendage        Tmut           4%         N/A       17%         1
 Wereblood                Tmut           2%         N/A       26%         2
 Spider Form              Tmut/Pois      2%         N/A       45%         3
 Summon Ice Beast         Ice/Summ       11%        N/A       50%         4


Dungeon Overview and Level Annotations

Branches:
Dungeon (4/15)
 Temple: D:4-7

Altars:

Annotations:
D:4 Pargi


Innate Abilities, Weirdness & Mutations

((You are very nimble when in or above water. (Stealth+, EV+, Speed+++)))
Your lower body shifts to a powerful aquatic tail in water.


Message History

The giant cockroach bites you but does no damage.
The orc barely misses you.
Casting: Freeze (safe; 1% risk of failure)
Confirm with . or Enter, or press ? or * to list all spells.
Casting: Frozen Ramparts (dangerous; 6% risk of failure)
Press: ? - help, Dir - look around, f - activate The walls around you are covered in ice.
The wall freezes the giant cockroach.
The giant cockroach misses you.
The wall freezes Pargi.
Pargi bites you.
* * * LOW HITPOINT WARNING * * *
Pargi misses you. Pargi claws you but does no damage.
The wall freezes the goblin.
The wall freezes the orc.
The orc hits you with a +1 hand axe of freezing.
* * * LOW HITPOINT WARNING * * *
The orc freezes you.
* * * LOW HITPOINT WARNING * * *
Unknown command.
Casting: Frozen Ramparts (dangerous; 6% risk of failure)
Confirm with . or Enter, or press ? or * to list all spells.
Aiming: Freeze (safe; 1% risk of failure)
Press: ? - help, Shift-Dir - straight line, f - Pargi
Aim: Pargi (lightly wounded)
You freeze Pargi.
Pargi is moderately wounded.
The wall freezes the giant cockroach.
You kill the giant cockroach!
The wall freezes Pargi.
Pargi bites you but does no damage. Pargi barely misses you.
Pargi claws you but does no damage.
The wall freezes the goblin!
You kill the goblin!
The wall freezes the orc.
The orc barely misses you.
Casting: Freeze (safe; 1% risk of failure)
Confirm with . or Enter, or press ? or * to list all spells.
Aiming: Freeze (safe; 1% risk of failure)
Press: ? - help, Shift-Dir - straight line, f/p - Pargi
Aim: Pargi (moderately wounded)
You freeze Pargi.
Pargi is heavily wounded.
The wall freezes Pargi!
Pargi bites you.
You die...

#######.###.#.......#
#........####.##.#
#.##........†....# #
##########....# ..
#....# ###.###....#
...........#
#.....T!...#
#.#.###@#### #..)o.#
.......## #.#.##. #
#. #. #. ..


You could see Pargi and an orc.

Vanquished Creatures
  3 adders
  4 dart slugs
  2 worms
  4 orcs
  5 endoplasms
  8 giant cockroaches
  13 goblins
  6 hobgoblins
  9 kobolds
  3 quokkas
  5 ball pythons
  5 bats
  2 frilled lizards
  6 rats
75 creatures vanquished.

Notes
Turn   | Place    | Note
-------+----------+-------------------------------------------
     0 | D:1      | safid the Merfolk Ice Elementalist began the quest for the
                  | Orb.
     0 | D:1      | Reached XP level 1. HP: 13/13 MP: 3/3
   261 | D:1      | Reached XP level 2. HP: 20/20 MP: 3/5
   299 | D:1      | Reached skill level 1 in Fighting
   736 | D:1      | Reached XP level 3. HP: 24/26 MP: 6/6
   740 | D:1      | Learned a level 3 spell: Frozen Ramparts
  1455 | D:2      | Learned a level 3 spell: Ozocubu's Armour
  1890 | D:3      | Reached skill level 5 in Ice Magic
  1939 | D:3      | Reached XP level 4. HP: 18/33 MP: 4/8
  2815 | D:4      | Noticed Pargi
  2818 | D:4      | Reached XP level 5. HP: 39/39 MP: 2/9
  2835 | D:4      | Slain by Pargi

Illustrated notes

Levels and vault maps discovered:
D:1:      dpeg_arrival_circle_labyrinth_c, layout_basic, due_unseen_surprise
D:2:      layout_rooms
D:3:      layout_basic
D:4:      layout_basic, uniq_pargi, uniq_edmund

Skill      XL: |  1  2  3  4 |
---------------+-------------+-----
Fighting       | 1 2 |  2.7
Ice Magic      | 5 |  5.3
Spellcasting   | 3 |  3.1
Dodging        | |  2.6
Stealth        | |  2.1

Action                     |  1- 3 |  4- 6 || total
---------------------------+-------+-------++-------
  Melee: Spear             |    90 |       ||    90
         Dagger            |    15 |    42 ||    57
   Cast: Freeze            |    34 |    12 ||    46
         Frozen Ramparts   |     1 |     6 ||     7
         Ozocubu's Armour  |       |     1 ||     1
    Use: Potion            |       |     1 ||     1
   Stab: Sleeping          |     5 |     2 ||     7
 Armour: Robe              |    18 |    27 ||    45
  Dodge: Dodged            |    60 |    55 ||   115
